 Dungeon Crawl Stone Soup version 0.30-a0-946-gec5dcfc036 (webtiles) character file.

Game seed: 886956588224757220

67 funaii the Trooper (level 4, -5/40 HPs)
             Began as a Minotaur Berserker on Mar 26, 2023.
             Was a Follower of Trog.
             Constricted to death by Eustachio (7 damage)
             ... on level 4 of the Dungeon.
             The game lasted 00:01:14 (391 turns).

funaii the Trooper (Minotaur Berserker)              Turns: 391, Time: 00:01:14

Health: -5/40      AC:  5    Str: 24      XL:     4   Next: 0%
Magic:  3/3        EV:  8    Int:  4      God:    Trog [*.....]
Gold:   52         SH:  0    Dex:  8 (9)  Spells: 3/3 levels left

rFire   . . .      SeeInvis .    a - +0 hand axe
rCold   . . .      Faith    .    (no shield)
rNeg    . . .      Spirit   .    e - +0 ring mail
rPois   .          Reflect  .    (helmet restricted)
rElec   .          Rampage  .    (no cloak)
rCorr   .                        (no gloves)
Will    .....                    (no boots) Stlth
                                 (no amulet)
HPRegen 0.26/turn                (no ring)
MPRegen 0.08/turn                (no ring)

@: grasped by roots, on berserk cooldown, slowed, constricted, very slow
A: horns 2, retaliatory headbutt
a: Renounce Religion, Berserk


You were on level 4 of the Dungeon.
You worshipped Trog.
Trog was aware of your devotion.
You visited 1 branch of the dungeon, and saw 4 of its levels.

You collected 52 gold pieces.


Innate Abilities, Weirdness & Mutations

You have a pair of horns on your head.
You reflexively headbutt those who attack you in melee.


   Skills:
 + Level 4.3 Fighting
 + Level 4.3 Axes
 + Level 3.3 Armour
 + Level 3.0 Dodging


You had 3 spell levels left.
You didn't know any spells.
Your spell library was empty.

Inventory:

Hand Weapons
 a - a +0 hand axe (weapon)
Armour
 b - a +0 animal skin
 e - a +0 ring mail (worn)
   (You found it on level 4 of the Dungeon)
Scrolls
 c - a scroll of teleportation {unknown}
 d - a scroll of noise {unknown}

Dungeon Overview and Level Annotations

Branches:
Dungeon (3/15) Zot: 23599

Altars:

Annotations:
D:4 Eustachio

### #<# #### #.# ...
#.#
##.##!##############
#.....#......#......
#....5.............#
#...@@.............+
#..................#
#.....#'##.........#
#.###.#.##..........
#. #.#.##..........
# #.#.####'#+##+###
..#.# #.#.##....
##.####.#.######
.............>.#


You could see Eustachio and a quasit (summoned).


Message History

Okay, then.
You see here a +0 mace.
There is an open door here.
You open the door.
There is an open door here.
As you open the door, it creaks loudly!
There is an open door here.
You see here a +0 club.
Found a stone staircase leading down.
You now have 52 gold pieces (gained 2).
You open the door.
There is an open door here.
There is an open door here.
You open the door.
Found a stone staircase leading down.
You drop a ring of wizardry.
Unknown command.
Found a stone staircase leading up.
There is a stone staircase leading down here.
You open the door.
An endoplasm comes into view.
The endoplasm quivers.
The endoplasm freezes you.
You are frozen.
There is an open door here. 😕 HP[-3]
You take 3 damage, and now have 30/33 hp.
You hit the endoplasm. The endoplasm freezes you.
You are frozen. 😕 HP[-5]
You take 5 damage, and now have 25/33 hp.
You hit the endoplasm.
You kill the endoplasm!
Trog accepts your kill.
You have reached level 4!
You feel stronger. 😕 HP[+6] MP[+1]
You now have 40 max hp (+7).
You regained 6 hp, and now have 31/40 hp.
Your mp is fully restored (3).
As you open the door, it creaks loudly!
You hear a shout! 😎 HP[+9]
Your hp is fully restored (40).
Eustachio the Magnificent comes into view.
He is wielding a +8 rapier and carrying a wand of roots (8).
Eustachio shouts!
You start waiting.
Eustachio is nearby!
A red film seems to cover your vision as you go berserk!
You feel yourself moving faster!
You feel mighty!
Eustachio gestures wildly while chanting. 😎 HP[+20]
You now have 60 max hp (+20).
Your hp is fully restored (60).
Found a stone staircase leading up.
You feel a strong urge to attack something.
Eustachio gestures wildly while chanting.
Eustachio blinks!
You feel your anger nearly subside.
You miss Eustachio. Your headbutt misses Eustachio.
You closely miss the quasit.
The quasit bites you but does no damage.
The quasit claws you but does no damage. x2
Eustachio hits you with a +8 rapier. 😕 HP[-5]
You take 5 damage, and now have 55/60 hp.
You closely miss Eustachio. You miss the quasit.
You are no longer berserk.
You are exhausted.
You feel yourself slow down. The quasit misses you.
The quasit claws you but does no damage.
The quasit barely misses you.
Eustachio hits you with a +8 rapier! 😮 HP[-34]
You now have 40 max hp (-20).
You take 34 damage, and now have 21/40 hp.
MASSIVE DAMAGE!! (PAUSE)
You closely miss Eustachio. You closely miss the quasit.
The quasit barely misses you. x2
The quasit claws you but does no damage.
Eustachio zaps a wand.
The roots erupt in riotous growth!
The grasping roots grab you!
Eustachio is unaffected.
The quasit is unaffected.
The grasping roots constrict you.
* * * LOW HITPOINT WARNING * * *
The quasit bites you.
* * * LOW HITPOINT WARNING * * *
You feel clumsy.
The quasit claws you but does no damage. x2 😨 HP[-7]
You take 7 damage, and now have 14/40 hp.
You slash Eustachio! You hit the quasit but do no damage.
The quasit bites you but does no damage.
The quasit barely misses you.
The quasit claws you but does no damage.
Eustachio hits you with a +8 rapier!
* * * LOW HITPOINT WARNING * * *
The grasping roots constrict you!
You die...

Skill      XL: |  1  2  3 |
---------------+----------+-----
Fighting       | 4 |  4.3
Axes           | 4 |  4.3
Armour         | 3 |  3.3
Dodging        | 3 |  3.0

Action                     |  1- 3 |  4- 6 || total
---------------------------+-------+-------++-------
  Melee: Hand axe          |     8 |     4 ||    12
         Headbutt          |     1 |       ||     1
         Punch             |     1 |       ||     1
 Invoke: Berserk           |     1 |     1 ||     2
 Armour: Animal skin       |     2 |       ||     2
         Ring mail         |       |     9 ||     9
  Dodge: Dodged            |     3 |     5 ||     8

Levels and vault maps discovered:
D:1:      amcnicky_arrival_choice, layout_rooms,
          dreamdust_ecumenical_altar_statues
D:2:      layout_basic, serial_shops, nicolae_shop_crystal, minmay_tripent
D:3:      layout_loops_ring, general_overflow_altar, nemelex_dance_club_becter,
          minmay_misc_feat_iff
D:4:      layout_basic, nicolae_overflow_crystal_walls, minmay_pentangle,
          uniq_eustachio

Notes
Turn   | Place    | Note
-------+----------+-------------------------------------------
     0 | D:1      | funaii the Minotaur Berserker began the quest for the Orb.
     0 | D:1      | Reached XP level 1. HP: 19/19 MP: 0/0
     0 | D:1      | magus.rc [v1.11.4]
    29 | D:3      | You fall into a shaft and drop 1 floor!
    35 | D:4      | Noticed an orc wizard
    38 | D:4      | Killed an orc wizard
    39 | D:4      | Reached skill level 4 in Fighting
    39 | D:4      | Reached skill level 4 in Axes
    39 | D:4      | Reached XP level 2. HP: 27/27 MP: 1/1
    41 | D:4      | Reached skill level 3 in Armour
    43 | D:4      | Reached XP level 3. HP: 33/33 MP: 2/2
   192 | D:4      | Reached skill level 3 in Dodging
   340 | D:4      | Reached XP level 4. HP: 31/40 MP: 3/3
   380 | D:4      | Noticed Eustachio
   391 | D:4      | HP: 2/40 [Eustachio/+8 rapier (12)]
   391 | D:4      | Constricted to death by Eustachio

Vanquished Creatures
  A howler monkey (D:4)
  An orc wizard (D:4)
  2 orcs (D:4)
  An endoplasm (D:4)
  A hobgoblin (D:4)
6 creatures vanquished.

Table legend:
 A = Non-vault XP
 B = Vault XP
 C = Vault XP percentage of total XP
 D = Non-vault monster count
 E = Vault monster count
 F = Vault count percentage of total count
                 A         B        C        D         E       F
            +---------+---------+-------+---------+---------+-------
      Total |      95 |       2 |   2.1 |       5 |       1 |  16.7
            +---------+---------+-------+---------+---------+-------
        D:4 |      95 |       2 |   2.1 |       5 |       1 |  16.7
            +---------+---------+-------+---------+---------+-------

Illustrated notes

Table legend:
 A = Kills in this place as a percentage of kills in the entire game.
 B = Kills by you in this place as a percentage of kills by you in the entire game.
 C = Kills by friends in this place as a percentage of kills by friends in the entire game.
 D = Other kills in this place as a percentage of other kills in the entire game.
 E = Experience gained in this place as a percentage of experience gained in the entire game.
 F = Experience gained in this place divided by the number of levels of this place that you have seen.
                   A       B       C       D       E      F
               +-------+-------+-------+-------+-------+----------------------
         Total | 100.0 | 100.0 |   N/A |   N/A | 100.0 |  24.2
       Dungeon | 100.0 | 100.0 |   N/A |   N/A | 100.0 |  24.2
               +-------+-------+-------+-------+-------+----------------------

Table legend: (Time is in decaauts)
 A = Elapsed time spent in this place.
 B = Non-inter-level travel time spent in this place.
 C = Inter-level travel time spent in this place.
 D = Time resting spent in this place.
 E = Time spent auto-exploring this place.
 F = Levels seen in this place.
 G = Mean time per level.
                   A        B        C        D        E       F      G
               +--------+--------+--------+--------+--------+-----+--------+
         Total |    399 |    389 |     10 |    150 |    180 |   4 |   99.8 |
       Dungeon |    399 |    389 |     10 |    150 |    180 |   4 |   99.8 |
               +--------+--------+--------+--------+--------+-----+--------+

Top non-repeatable levels by time:
     D:4: 370 daAuts
     D:1: 22 daAuts
     D:2: 6 daAuts
